 Dungeon Crawl Stone Soup version 0.28.0-1-gb440e238dd (webtiles) character file.

Game seed: 17174592785105784539

110 issech the Cudgeller (level 4, -2/45 HPs)
             Began as a Troll Monk on Feb 25, 2022.
             Slain by Grinder (4 damage)
             ... on level 3 of the Dungeon.
             The game lasted 00:04:46 (1820 turns).

issech the Cudgeller (Troll Monk)                   Turns: 1820, Time: 00:04:46

Health: -2/45      AC:  4    Str: 19    XL:     4   Next: 61%
Magic:  3/3        EV: 10    Int:  6    God:
Gold:   92         SH:  0    Dex: 14    Spells: 3/3 levels left

rFire   . . .      SeeInvis .   g - +0 mace (drain)
rCold   . . .      Faith    .   (no shield)
rNeg    . . .      Spirit   .   b - +0 robe
rPois   .          Reflect  .   (helmet restricted)
rElec   .          Harm     .   (no cloak)
rCorr   .          Rampage  .   (gloves unavailable)
Will    .....                   (boots unavailable)
Stlth   ++........              (no amulet)
HPRegen 0.95/turn               (no ring)
MPRegen 0.08/turn               (no ring)

@: no status effects
A: large, unfitting armour, claws 3, regeneration 1, shaggy fur 1, tough skin 1
a: no special abilities


You were on level 3 of the Dungeon.
You visited 1 branch of the dungeon, and saw 3 of its levels.

You collected 92 gold pieces.

Inventory:

Hand Weapons
 g - a +0 mace of draining (weapon)
 m - a +1 dagger of speed
 r - a +0 dagger of venom
Missiles
 d - 47 arrows
 f - 39 stones (quivered)
 i - 17 bolts
 o - 9 poisoned darts
Armour
 b - a +0 robe (worn)
Scrolls
 a - a scroll of amnesia {unknown}
 c - a scroll of torment {unknown}
 q - 2 scrolls of blinking {unknown}
 s - 2 scrolls of identify {unknown}
 u - a scroll of enchant armour {unknown}
Potions
 e - a potion of haste {unknown}
 h - 2 potions of heal wounds {unknown}
 j - a potion of berserk rage {unknown}
 k - a potion of ambrosia {unknown}
 l - 2 potions of curing {unknown}
 n - a potion of invisibility {unknown}
 p - 2 potions of might {unknown}
 t - a potion of degeneration {unknown}


   Skills:
 + Level 3.0 Fighting
 + Level 3.9 Maces & Flails
 + Level 3.0 Dodging
 + Level 1.1 Stealth


You had 3 spell levels left.
You didn't know any spells.
Your spell library contained the following spells:

 Spells                   Type           Power      Damage    Failure   Level
 Ensorcelled Hibernation  Hex/Ice        0%         N/A       58%         2
 Passwall                 Tmut/Erth      0%         N/A       58%         2
 Swiftness                Air            0%         N/A       83%         3


Dungeon Overview and Level Annotations

Branches:
Dungeon (3/15)

Altars:
Elyvilon
Kikubaaqudgha
Wu Jian

Annotations:
D:3 Grinder


Innate Abilities, Weirdness & Mutations

You are too large for most types of armour.
You have claws for hands.
Your natural rate of healing is unusually fast.
You are covered in fur. (AC +1)
You have tough skin. (AC +1)


Message History

Found a leather armour.
The frilled lizard hisses angrily.
Grinder comes into view.
The frilled lizard barely misses you.
You hit the frilled lizard.
You kill the frilled lizard!
Grinder hits you.
You closely miss Grinder. Grinder barely misses you.
You barely miss Grinder. You claw Grinder.
Grinder is lightly wounded.
Grinder hits you!
You barely miss Grinder.
Grinder is lightly wounded.
Grinder closely misses you.
You closely miss Grinder.
Grinder is lightly wounded.
Grinder hits you!
You writhe in agony.
You closely miss Grinder.
Grinder is lightly wounded.
Grinder gestures at you.
You suddenly lose the ability to move!
Grinder hits you. Grinder hits you.
You writhe in agony.
Grinder hits you.
You writhe in agony.
Grinder hits you.
* * * LOW HITPOINT WARNING * * *
You can move again.
Unknown command.
Unknown command.
You hit Grinder.
Grinder is lightly wounded.
Grinder hits you.
* * * LOW HITPOINT WARNING * * *
You writhe in agony.
* * * LOW HITPOINT WARNING * * *
You barely miss Grinder.
Grinder is lightly wounded.
Grinder hits you!
* * * LOW HITPOINT WARNING * * *
You writhe in agony.
You die...

.# #.# ##.##
.# #.# #.# ##
#.# #.# # #.#
# #.#
#.#####.######
#............#
##.####.###..#
#.# #@.# #.#
#5.####.# #.#
#.......# #..
#..###### #..
#..# ... [..#
#..# ...# ....


You could see Grinder.

Vanquished Creatures
  Jessica (D:2)
  2 adders (D:2)
  A worm (D:2)
  A dart slug (D:2)
  An orc (D:3)
  2 endoplasms
  A giant cockroach (D:1)
  7 goblins
  5 hobgoblins
  7 jackals (D:1)
  7 kobolds
  2 quokkas
  6 ball pythons
  5 bats
  7 frilled lizards
  A rat (D:1)
  A bush (D:3)
57 creatures vanquished.

Notes
Turn   | Place    | Note
-------+----------+-------------------------------------------
     0 | D:1      | issech the Troll Monk began the quest for the Orb.
     0 | D:1      | Reached XP level 1. HP: 22/22 MP: 0/0
   190 | D:1      | Reached XP level 2. HP: 29/29 MP: 1/1
   215 | D:1      | Found a faded altar of an unknown god.
   890 | D:2      | Reached XP level 3. HP: 36/36 MP: 2/2
   967 | D:2      | Noticed Jessica
   980 | D:2      | Killed Jessica
   981 | D:2      | Reached XP level 4. HP: 43/44 MP: 3/3
  1429 | D:3      | Found an ornate altar of the Wu Jian Council.
  1430 | D:3      | Found an ancient bone altar of Kikubaaqudgha.
  1431 | D:3      | Found a white marble altar of Elyvilon.
  1804 | D:3      | Noticed Grinder
  1813 | D:3      | Paralysed by Grinder for 4 turns
  1820 | D:3      | HP: 2/45 [Grinder (9)]
  1820 | D:3      | Slain by Grinder

Illustrated notes

Levels and vault maps discovered:
D:1:      lemuel_arrival_tunnels, layout_loops_ring,
          nicolae_ecumenical_snake_handling
D:2:      layout_basic, uniq_jessica
D:3:      layout_loops_ring, gammafunk_temple_overflow_forgotten,
          kennysheep_generic_room_7, uniq_grinder

Skill      XL: |  1  2  3  4 |
---------------+-------------+-----
Maces & Flails | 3 |  3.9
Fighting       | 3 |  3.0
Dodging        | 3 |  3.0
Stealth        | |  1.1

Action                   |  1- 3 |  4- 6 || total
-------------------------+-------+-------++-------
Melee: Mace              |    92 |   107 ||   199
       Punch             |       |     5 ||     5
 Stab: Sleeping          |       |     1 ||     1
Armor: Robe              |    31 |    13 ||    44
Dodge: Dodged            |    76 |    30 ||   106
